details: '1v1 northrend orc vs ud TS'

« prev index next »

General information

Mini Map

Players

team 1
Random» UndeadDarker52 (green | 134 APM | 3366 actions | 25:01)
Hero icon 4 Death Knight
Ability icon 2 Death Coil
Ability icon 2 Unholy Aura
Hero icon 3 Lich
Ability icon 2 Frost Nova
Ability icon 1 Dark Ritual
Hero icon 2 Crypt Lord
Ability icon 1 Impale
Ability icon 1 Spiked Carapace

» actions
Assign group hotkey45
Basic commands637
Build / train77
ESC pressed3
Enter build submenu27
Enter hero's abilities submenu9
Give item / drop item8
Remove unit from queue2
Right click879
Select / deselect454
Select group hotkey1114
Use ability111
3366 total
» units
Acolyte15
Ghoul5
Crypt Fiend13
Obsidian Statue2
Frost Wyrm2
37 total
» upgrades
Burrow1
Web1
Creature Attack2
Unholy Strength1
5 total
» buildings
Crypt2
Graveyard1
Altar of Darkness1
Ziggurat9
Tomb of Relics1
Nerubian Tower1
Halls of the Dead1
Black Citadel1
Slaughterhouse1
Sacrificial Pit1
Boneyard4
Necropolis1
Spirit Tower2
26 total
» build order
00:09 Crypt
00:21 Graveyard
00:57 Altar of Darkness
01:00 Ziggurat
01:29 Tomb of Relics
02:02 Ziggurat
02:40 Nerubian Tower
04:50 Halls of the Dead
04:53 Ziggurat
07:12 Black Citadel
08:29 Ziggurat
08:55 Slaughterhouse
10:26 Sacrificial Pit
11:47 Boneyard
12:50 Boneyard
13:11 Ziggurat
15:18 Ziggurat
18:56 Necropolis
20:30 Crypt
20:32 Boneyard
20:56 Ziggurat
21:18 Ziggurat
22:13 Spirit Tower
22:19 Ziggurat
22:37 Boneyard
23:16 Spirit Tower
» items
Rod of Necromancy7
Dust of Appearance2
Potion of Healing1
Orb of Corruption1
Scroll of Town Portal2
13 total
team 2
OrcLovefool (pink | 87 APM | 2190 actions | 25:02)
Hero icon 4 Blademaster
Ability icon 2 Wind Walk
Ability icon 2 Critical Strike
Hero icon 3 Shadow Hunter
Ability icon 2 Hex
Ability icon 1 Serpent Ward

» actions
Assign group hotkey65
Basic commands38
Build / train76
ESC pressed1
Enter build submenu37
Enter hero's abilities submenu7
Give item / drop item7
Right click1355
Select / deselect270
Select group hotkey218
Use ability116
2190 total
» units
Peon13
Grunt3
Goblin Shredder1
Raider4
Troll Batrider5
Tauren8
34 total
» upgrades
Pillage1
Ensnare1
Reinforced Defenses1
Melee Weapons2
Liquid Fire1
Pulverize1
7 total
» buildings
Altar of Storms1
Orc Burrow7
Barracks1
Voodoo Lounge1
War Mill1
Stronghold1
Watch Tower12
Beastiary2
Fortress1
Great Hall2
Tauren Totem2
31 total
» build order
00:08 Altar of Storms
00:11 Orc Burrow
00:50 Barracks
01:35 Voodoo Lounge
02:10 War Mill
02:56 Orc Burrow
04:02 Stronghold
05:24 Watch Tower
06:00 Orc Burrow
07:12 Beastiary
07:15 Beastiary
08:27 Fortress
08:51 Watch Tower
08:56 Orc Burrow
12:42 Watch Tower
12:43 Watch Tower
12:44 Watch Tower
12:47 Watch Tower
13:39 Watch Tower
13:41 Orc Burrow
16:31 Orc Burrow
17:46 Great Hall
18:18 Watch Tower
18:30 Tauren Totem
18:32 Tauren Totem
18:58 Watch Tower
18:58 Watch Tower
18:59 Watch Tower
21:02 Watch Tower
22:15 Great Hall
22:19 Orc Burrow
» items
Healing Salve7
Lesser Clarity Potion4
Scroll of Speed2
Boots of Speed1
Staff of Teleportation1
Scroll of Town Portal6
Tiny Great Hall1
22 total